 Dungeon Crawl Stone Soup version 0.27-a0-828-g8289197e94 (webtiles) character file.

Game seed: 8796824032137511784

421 dickylongcocking the Magician (level 6, -2/46 HPs)
             Began as a Djinni Fire Elementalist on Mar 30, 2021.
             Was an Initiate of Makhleb.
             Slain by an unseen horror (5 damage)
             ... on level 7 of the Dungeon.
             The game lasted 00:04:08 (5638 turns).

dickylongcocking the Magician (DjFE)                Turns: 5638, Time: 00:04:08

Health: -2/46      AC:  5    Str:  7    XL:     6   Next: 94%
Gold:   63         EV: 12    Int: 18    God:    Makhleb [......] SH:  0 Dex: 14

rFire    + + .     SeeInvis .   n - +4 short sword (drain)
rCold    x . .     Faith    .   (no shield)
rNeg     . . .     Spirit   .   a - +0 robe
rPois    ∞         Reflect  .   k - +2 helmet
rElec    .         Harm     .   (no cloak)
rCorr    .         Rampage  .   (no gloves)
Will     +....                  (boots unavailable)
Stlth    ++........             s - amulet of regeneration
HPRegen  1.15/turn              d - ring of willpower
MPRegen  0.00/turn              (no ring)

@: mighty, flying
A: fire resistance 2, cold vulnerability 1, float, innate caster, hp casting,
extra vitality 1
a: Renounce Religion


You were on level 7 of the Dungeon.
You worshipped Makhleb.
Makhleb was noncommittal.
You visited 2 branches of the dungeon, and saw 6 of its levels.
You also visited: Sewer.

You collected 63 gold pieces.

Inventory:

Hand Weapons
 b - a +3 dagger of draining
 n - a +4 short sword of draining (weapon)
Armour
 a - a +0 robe (worn)
 k - a +2 helmet (worn)
Jewellery
 d - a ring of willpower (left hand)
 s - an amulet of regeneration (around neck)
Scrolls
 c - 5 scrolls of teleportation {unknown}
 f - 3 scrolls of identify {unknown}
 h - a scroll of enchant armour {unknown}
 i - a scroll of brand weapon {unknown}
 m - a scroll of torment {unknown}
 r - a scroll of holy word {unknown}
Potions
 e - a potion of lignification {unknown}
 j - a potion of heal wounds {unknown}
 l - a potion of mutation {unknown}
 o - 3 potions of might
 p - 2 potions of haste {unknown}
 q - 2 potions of magic {unknown}
 t - a potion of ambrosia {unknown}
 u - a potion of flight {unknown}


   Skills:
 * Level 3.0 Fighting
 * Level 3.4 Short Blades
 - Level 2.3 Dodging
 - Level 1.5 Stealth
 * Level 4.5 Spellcasting


You couldn't memorise any spells.
You knew the following spells:

 Your Spells              Type           Power      Damage    Failure   Level
a - Foxfire               Conj/Fire      80%        2x1d8     2%          1
b - Conjure Flame         Conj/Fire      20%        6-21      6%          3
c - Inner Flame           Hex/Fire       20%        N/A       6%          3
d - Sticky Flame          Conj/Fire      20%        2d4       22%         4
e - Fireball              Conj/Fire      10%        3d6       52%         5
f - Shock                 Conj/Air       80%        1d8       2%          1
g - Searing Ray           Conj           40%        3d4       3%          2
Your spell library was empty.

Dungeon Overview and Level Annotations

Branches:
Dungeon (7/15)             Temple (1/1) D:7           Sewer (visited)

Altars:
Ashenzari
Cheibriados
Dithmenos
Elyvilon
Gozag
Kikubaaqudgha
Makhleb
Okawaru
Qazlal
Ru
Trog
Uskayaw
Vehumet
Xom
The Shining One

Shops:
D:7 :

Annotations:
D:4 2 runed translucent doors


Innate Abilities, Weirdness & Mutations

You are immune to poison.
Your flesh is very heat resistant. (rF++)
You are vulnerable to cold. (rC-)
You float through the air rather than walking.
You learn spells naturally, not from books.
Your magical power is your life essence.
You have superior vitality. (+4 HP)


Message History

It was a potion of curing.
You feel better. Something hits you. The bullfrog barely misses you.
The bullfrog hits you but does no damage.
Unknown command.
You closely miss the bullfrog.
The bullfrog is almost dead.
The bullfrog hits you but does no damage.
You hit the bullfrog.
You kill the bullfrog!
Makhleb accepts your kill. Something hits you. x2
* * * LOW HITPOINT WARNING * * *
Something hits you!
* * * LOW HITPOINT WARNING * * *
Your Fighting skill increases to level 3!
Unknown command.
Okay, then.
You feel better. Something hits you but does no damage.
Something barely misses you.
Unknown command.
You see here a bullfrog corpse.
Something hits you!
* * * LOW HITPOINT WARNING * * *
Unknown command.
Okay, then.
You feel better. Something hits you!
* * * LOW HITPOINT WARNING * * *
Something hits you.
* * * LOW HITPOINT WARNING * * *
Unknown command.
Casting: Foxfire (safe; 2% risk of failure)
Confirm with . or Enter, or press ? or * to list all spells.
Okay, then.
Okay, then.
You aren't carrying any items that you can evoke.
Unknown command.
It was a potion of might.
You feel very mighty all of a sudden. Something hits you.
You die...

#.####.####.....####.######
#.####### #.....#......#####
#.#.....###.....#.##.......##
#.#.###.##......#.##.#.###.##
#.#.#.#.##..#.#.#.##....##...
#...#.#.#..(#.#.#.##.#..##.).
###...#.#.....#.#.##.#..##...
########.#######.............#
.........#..{@=#..######.#.###
##.#####.#.###.#..# #)#...#
#.#.#.#.##.######.#....
#.###.#.#.#.#..............
#.........#.#..######.####.
###########.#### ## #.# ## .#
..# #.##### .# #.# #.##... #.#
#.##.##


There were no monsters in sight!

Vanquished Creatures
  Purgy (Sewer)
  A bullfrog (D:7)
  An orc wizard (D:3)
  A killer bee zombie (D:7)
  Robin (D:2)
  4 gnolls (D:7)
  7 adders
  A shadow imp (D:7)
  A worm (D:3)
  2 dart slugs
  6 orcs
  6 ball pythons
  5 endoplasms
  2 giant cockroaches
  12 goblins
  5 hobgoblins
  5 jackals
  3 quokkas
  6 bats
  5 frilled lizards (Sewer)
  3 kobolds
  11 rats
89 creatures vanquished.

Vanquished Creatures (collateral kills)
  4 foxfires (D:1)
4 creatures vanquished.

Vanquished Creatures (others)
  56 foxfires
56 creatures vanquished.

Grand Total: 149 creatures vanquished

Notes
Turn   | Place    | Note
-------+----------+-------------------------------------------
     0 | D:1      | dickylongcocking the Djinni Fire Elementalist began the
                  | quest for the Orb.
     0 | D:1      | Reached XP level 1. HP: 15/15 MP: 0/0
   410 | D:1      | Reached skill level 3 in Spellcasting
   475 | D:1      | Reached XP level 2. HP: 21/21 MP: 0/0
  1153 | D:1      | Reached skill level 1 in Short Blades
  1386 | D:1      | Reached XP level 3. HP: 23/25 MP: 0/0
  1386 | D:1      | Learned a level 1 spell: Shock
  1809 | D:2      | Noticed Robin
  2075 | D:2      | HP: 1/25 [cloud of flame (5)]
  2375 | D:1      | HP: 1/25 [spore (13)]
  2376 | D:1      | Reached XP level 4. HP: 2/31 MP: 0/0
  2777 | D:2      | Killed Robin
  3148 | D:2      | Reached skill level 1 in Fighting
  3593 | D:3      | Reached XP level 5. HP: 36/37 MP: 0/0
  3593 | D:3      | Learned a level 2 spell: Searing Ray
  3716 | D:3      | Found a hide-covered altar of Uskayaw.
  4108 | D:3      | Reached skill level 4 in Spellcasting
  4116 | D:3      | Found a glowing drain.
  4120 | Sewer    | Entered a sewer
  4226 | Sewer    | Noticed Purgy
  4233 | Sewer    | Killed Purgy
  4234 | Sewer    | Reached XP level 6. HP: 33/45 MP: 0/0
  4948 | D:4      | Found a runed translucent gate.
  4949 | D:4      | Found a runed translucent gate.
  4957 | D:4      | You are sucked into a shaft and drop 3 floors!
  5088 | D:7      | Found Kinoidyu's Book Shoppe.
  5224 | D:7      | Found a staircase to the Ecumenical Temple.
  5259 | Temple   | Entered the Ecumenical Temple
  5405 | Temple   | Became a worshipper of Makhleb the Destroyer
  5636 | D:7      | HP: 2/46 [something (11)]
  5638 | D:7      | Slain by an unseen horror

Illustrated notes

Levels and vault maps discovered:
D:1:      dpeg_arrival_shelter, layout_loops_ring, grunt_decor_cap,
          st_stairs_10, serial_bayou_pond_b
D:2:      layout_loops_ring, grunt_ministairs_12,
          minmay_misc_feat_secret_circle, minmay_heptomino_o4, uniq_robin
D:3:      layout_basic, lemuel_crystal_altar, gup_sewer_entry_bowl
D:4:      layout_rooms, nicolae_overflow_hidden_temple, ebering_ghost_gozag,
          minmay_distorted, uniq_edmund
D:7:      mumra_celtic_spiral_tile, layout_loops_cross,
          yredelemnul_altar_generic, minmay_temple_entry_tees, serial_shops,
          kennysheep_little_box
Temple:   regret_index_temple_generic_petals

Skill      XL: |  1  2  3  4  5  6 |
---------------+-------------------+-----
Spellcasting   | 3 4 |  4.5
Short Blades   | 1 2 3 |  3.4
Fighting       | 1 2 3 |  3.0
Dodging        | |  2.3
Stealth        | |  1.5

Action                   |  1- 3 |  4- 6 || total
-------------------------+-------+-------++-------
Melee: Dagger            |    57 |    41 ||    98
       Short sword       |       |    39 ||    39
 Cast: Foxfire           |    28 |    13 ||    41
       Inner Flame       |     4 |       ||     4
       Searing Ray       |       |    16 ||    16
       Shock             |       |     2 ||     2
       Conjure Flame     |       |     1 ||     1
       Sticky Flame      |       |     1 ||     1
  Use: Potion            |       |     4 ||     4
 Stab: Sleeping          |     4 |     2 ||     6
Armor: Robe              |    18 |    28 ||    46
Dodge: Dodged            |    49 |    57 ||   106

Table legend: (Time is in decaauts)
 A = Elapsed time spent in this place.
 B = Non-inter-level travel time spent in this place.
 C = Inter-level travel time spent in this place.
 D = Time resting spent in this place.
 E = Time spent auto-exploring this place.
 F = Levels seen in this place.
 G = Mean time per level.
                   A        B        C        D        E       F      G
               +--------+--------+--------+--------+--------+-----+--------+
         Total |   5630 |   5436 |    194 |    988 |   3903 |   7 |  804.3 |
       Dungeon |   5043 |   4884 |    159 |    988 |   3402 |   5 | 1008.6 |
        Temple |    212 |    178 |     34 |      0 |    175 |   1 |  212.0 |
         Sewer |    373 |    373 |      0 |      0 |    326 |   1 |  373.0 |
               +--------+--------+--------+--------+--------+-----+--------+

Top non-repeatable levels by time:
     D:1: 2351 daAuts
     D:2: 1174 daAuts
     D:3: 1036 daAuts
     D:7: 466 daAuts
   Sewer: 373 daAuts
  Temple: 212 daAuts
     D:4: 14 daAuts
